 Seeded DCSS version 0.30-a0-305-g026cb31310 (webtiles) character file.

Game seed: 17790380096243088950 (custom seed)

441 purpskrrrp the Ruffian (level 6, 0/57 HPs)
             Began as a Troll Transmuter on Oct 22, 2022.
             Was a Follower of Wu Jian.
             Slain by Duvessa
             ... wielding a +0 short sword
              (5 damage)
             ... on level 4 of the Dungeon.
             The game lasted 00:06:01 (2789 turns).

purpskrrrp the Ruffian (Troll Transmuter)           Turns: 2789, Time: 00:06:02

Health: 0/57       AC:  4    Str: 21    XL:     6   Next: 71%
Magic:  8/8        EV: 10    Int:  9    God:    Wu Jian [*.....]
Gold:   177        SH:  0    Dex: 10    Spells: 8/9 levels left

rFire   . . .      SeeInvis .      - Unarmed
rCold   . . .      Faith    .    (no shield)
rNeg    . . .      Spirit   .    a - +0 robe
rPois   .          Reflect  .    (helmet restricted)
rElec   .          Harm     .    (no cloak)
rCorr   .          Rampage  .    (gloves unavailable)
Will    .....                    (boots unavailable)
Stlth   +.........               d - amulet of magic regeneration
HPRegen 1.09/turn                (no ring)
MPRegen 0.51/turn                (no ring)

@: confused, ambrosia-drunk, hasted, very quick
A: large, unfitting armour, claws 3, regeneration 1, shaggy fur 1, tough skin 1
a: Renounce Religion


You were on level 4 of the Dungeon.
You worshipped Wu Jian.
Wu Jian was aware of your devotion.
You visited 1 branch of the dungeon, and saw 4 of its levels.

You collected 177 gold pieces.

Inventory:

Hand Weapons
 q - a +1 flail of draining
Missiles
 c - a throwing net
Armour
 a - a +0 robe (worn)
Jewellery
 d - an amulet of magic regeneration (around neck)
Scrolls
 e - 2 scrolls of teleportation {unknown}
 f - a scroll of amnesia
 g - a scroll of identify
 k - a scroll of immolation
 o - a scroll of butterflies
Potions
 b - 2 potions of lignification
 i - 4 potions of curing
 j - 2 potions of mutation
 m - a potion of haste
 n - a potion of brilliance


   Skills:
 + Level 2.2 Fighting
 + Level 2.8 Dodging
 * Level 5.1 Unarmed Combat
 + Level 2.0 Spellcasting
 + Level 2.5 Transmutations


You had 8 spell levels left.
You knew the following spells:

 Your Spells              Type           Power      Damage    Failure   Level
a - Beastly Appendage     Tmut           10%        N/A       12%         1

Your spell library contained the following spells:

 Spells                   Type           Power      Damage    Failure   Level
 Wereblood                Tmut           5%         N/A       17%         2
 Sting                    Tmut/Pois      12%        1d3       21%         1
 Poisonous Vapours        Pois/Air       0%         N/A       45%         2
 Spider Form              Tmut/Pois      3%         N/A       52%         3
 Ice Form                 Ice/Tmut       3%         N/A       89%         4
 Olgreb's Toxic Radiance  Pois           0%         N/A       97%         4
 Fireball                 Conj/Fire      0%         3d3       100%        5
 Iskenderun's Battlesphe  Conj           0%         2d6       100%        5
 Conjure Ball Lightning   Conj/Air       0%         3x3d6     100%        6
 Orb of Destruction       Conj           0%         9d5       100%        7


Dungeon Overview and Level Annotations

Branches:
Dungeon (4/15)             Temple (0/1) D:4

Altars:
Okawaru
Wu Jian
Xom
The Shining One

Shops:
D:4 (

Annotations:
D:4 Duvessa


Innate Abilities, Weirdness & Mutations

You are too large for most types of armour.
You have claws for hands.
Your natural rate of healing is unusually fast.
You are covered in fur. (AC +1)
You have tough skin. (AC +1)


Message History

You are too injured to fight recklessly!
You are too injured to fight recklessly!
You are too injured to fight recklessly!
You are too injured to fight recklessly!
You are too injured to fight recklessly!
You barely miss Dowan.
Dowan is severely wounded.
The ball python misses you. Dowan closely misses you.
Duvessa hits you but does no damage.
You scratch Dowan.
Dowan is almost dead.
The ball python closely misses you. Dowan hits you but does no damage.
Duvessa barely misses you.
You claw Dowan!
You kill Dowan!
The Council accepts your kill.
Duvessa screams in rage.
Duvessa goes berserk!
Duvessa hits you with a +0 short sword. The ball python bites you.
You feel yourself speed up. Duvessa closely misses you.
The ball python bites you. Duvessa closely misses you.
You barely miss Duvessa. The ball python barely misses you.
Duvessa completely misses you.
You scratch Duvessa.
Duvessa is lightly wounded.
The ball python bites you. Duvessa hits you with a +0 short sword.
* * * LOW HITPOINT WARNING * * *
You completely miss Duvessa.
Duvessa is lightly wounded.
You claw Duvessa!
Duvessa is moderately wounded.
Duvessa hits you with a +0 short sword!
* * * LOW HITPOINT WARNING * * *
The ball python bites you but does no damage.
You claw Duvessa!
Duvessa is heavily wounded.
Duvessa completely misses you. The ball python closely misses you.
You are confused.
You feel invigorated. Duvessa hits you with a +0 short sword.
You die...

##......#
#...#.## #...(.#
#....## #....#
##...## ##...##
##...##
##.@S######
##)e.#...#
##.......
####.......
###.e...!....
###...e........
#....<.#.......
#....####.......
#..## .......


You could see Duvessa (berserk) and a ball python.

Vanquished Creatures
  A necrophage (D:4)
  A scorpion (D:4)
  Dowan (D:4)
  An orc priest (D:4)
  An iguana (D:4)
  Terence (D:3)
  4 gnolls (D:4)
  6 adders
  A worm (D:2)
  5 dart slugs
  4 orcs
  7 bats
  6 endoplasms
  2 giant cockroaches
  5 goblins
  9 hobgoblins
  7 jackals
  13 kobolds
  2 quokkas (D:1)
  10 ball pythons
  2 frilled lizards (D:1)
  4 rats
93 creatures vanquished.

Notes
Turn   | Place    | Note
-------+----------+-------------------------------------------
     0 | D:1      | purpskrrrp the Troll Transmuter began the quest for the
                  | Orb.
     0 | D:1      | Reached XP level 1. HP: 18/18 MP: 1/1
    74 | D:1      | Reached skill level 1 in Fighting
    84 | D:1      | Reached XP level 2. HP: 27/27 MP: 2/2
   281 | D:1      | Reached XP level 3. HP: 33/33 MP: 4/4
  1090 | D:2      | Reached XP level 4. HP: 39/41 MP: 5/5
  1185 | D:2      | Reached skill level 4 in Unarmed Combat
  1534 | D:3      | Noticed Terence
  1543 | D:3      | Killed Terence
  1640 | D:3      | Reached XP level 5. HP: 45/45 MP: 6/6
  1682 | D:3      | Found a shimmering altar of Xom.
  1704 | D:3      | Found a faded altar of an unknown god.
  2241 | D:4      | Noticed Dowan
  2241 | D:4      | Noticed Duvessa
  2242 | D:4      | Found Irorotuk's Antique Weapon Boutique.
  2289 | D:3      | Prayed at the altar of an unknown god.
  2289 | D:3      | Became a worshipper of the Wu Jian Council
  2289 | D:3      | Reached * piety under Wu Jian
  2469 | D:4      | Found a glowing golden altar of the Shining One.
  2544 | D:4      | Reached XP level 6. HP: 39/57 MP: 7/7
  2605 | D:4      | Found an iron altar of Okawaru.
  2705 | D:4      | Found a staircase to the Ecumenical Temple.
  2750 | D:4      | Reached skill level 5 in Unarmed Combat
  2782 | D:4      | Killed Dowan
  2787 | D:4      | HP: 2/57 [Duvessa/+0 short sword (14)]
  2789 | D:4      | Slain by Duvessa

Illustrated notes

Levels and vault maps discovered:
D:1:      dpeg_arrival_water_temple_mockup, layout_basic,
          nicolae_figureground_pulse
D:2:      layout_loops_cross, minmay_goblin_kobold_house
D:3:      layout_basic, xom_teletrap_fun,
          hellmonk_ecumenical_altar_heavens_door, chequers_jeans, minmay_cupped,
          uniq_terence
D:4:      cheibrodos_thug_alley, layout_layer_cave, tso_altar,
          mainiacjoe_overflow_brackets, mainiacjoe_overflow_boulevard,
          minmay_temple_entry_sparse_star, serial_shops, shop, uniq_duvessa

Skill      XL: |  1  2  3  4  5  6 |
---------------+-------------------+-----
Fighting       | 1 2 |  2.2
Dodging        | 2 |  2.8
Transmutations | 2 |  2.5
Unarmed Combat | 4 5 |  5.1
Spellcasting   | 2 |  2.0

Action                   |  1- 3 |  4- 6 || total
-------------------------+-------+-------++-------
Melee: Unarmed           |   110 |   177 ||   287
       Punch             |       |     3 ||     3
 Cast: Beastly Appendage |     2 |       ||     2
Invok: Lunge             |       |     8 ||     8
  Use: Scroll            |       |    14 ||    14
       Potion            |       |     3 ||     3
 Stab: Sleeping          |       |     3 ||     3
Armor: Robe              |    55 |    54 ||   109
Dodge: Dodged            |    57 |    85 ||   142

Table legend: (Time is in decaauts)
 A = Elapsed time spent in this place.
 B = Non-inter-level travel time spent in this place.
 C = Inter-level travel time spent in this place.
 D = Time resting spent in this place.
 E = Time spent auto-exploring this place.
 F = Levels seen in this place.
 G = Mean time per level.
                   A        B        C        D        E       F      G
               +--------+--------+--------+--------+--------+-----+--------+
         Total |   2766 |   2687 |     79 |    214 |   1905 |   4 |  691.5 |
       Dungeon |   2766 |   2687 |     79 |    214 |   1905 |   4 |  691.5 |
               +--------+--------+--------+--------+--------+-----+--------+

Top non-repeatable levels by time:
     D:3: 827 daAuts
     D:1: 765 daAuts
     D:2: 681 daAuts
     D:4: 493 daAuts
